MID
SOUTH BEND CUBS @ FORT WAYNE TINCAPS
07/21/2045
 
TOP OF THE 1ST
West Virginia Power batting - Pitching for Great Lakes Loons : RHP Mike Bowling
Pitching: RHP Mike Bowling
Batting: RHB Caleb Russell 0-0: Foul Ball, location: 2F
0-1: Ball
1-1: Ground out 5-3 (Groundball, 56S, EV 86.3 MPH)
Batting: RHB Jose Lozano 0-0: Ball
1-0: Called Strike
1-1: Fly out, F9 (Flyball, 89S, EV 90.0 MPH)
Batting: LHB Marc Carter 0-0: Ball
1-0: Ball
2-0: Called Strike
2-1: Called Strike
2-2: Foul Ball, location: 2F
2-2: Foul Ball, location: 2F
2-2: Ground out 4-3 (Groundball, 4M, EV 87.5 MPH)
Top of the 1st over - 0 runs, 0 hits, 0 errors, 0 left on base; West Virginia 0 - Great Lakes 0
BOTTOM OF THE 1ST
Great Lakes Loons batting - Pitching for West Virginia Power : RHP Mike Malec
Pitching: RHP Mike Malec
Batting: RHB Mario Mejia 0-0: Ball
1-0: Swinging Strike
1-1: Foul Ball, location: 2F
1-2: Ball
2-2: Strikes out swinging
Batting: RHB Blake Beale 0-0: Called Strike
0-1: Swinging Strike
0-2: Ball
1-2: Ball
2-2: Foul Ball, location: 2F
2-2: Ball
3-2: Strikes out swinging
Batting: RHB John Manocchio 0-0: Ball
1-0: SINGLE (Groundball, 6MD, EV 104.4 MPH)
Batting: LHB Jim Chalk 0-0: 2-RUN HOME RUN (Flyball, 89XD, EV 108.8 MPH), Distance : 443 ft
Batting: RHB Zach Thomason 0-0: Swinging Strike
0-1: Ball
1-1: Reached on error, E8 (Line Drive, 8LD, EV 88.1 MPH)
Batting: RHB Roger Simmons 0-0: Ball
1-0: Called Strike
1-1: Called Strike
1-2: Foul Ball, location: 2F
1-2: Hit by Pitch
Batting: RHB Ashton Crenshaw 0-0: Ball
1-0: Ball
2-0: Ground out U3 (Groundball, 3, EV 103.1 MPH)
Bottom of the 1st over - 2 runs, 2 hits, 1 error, 2 left on base; West Virginia 0 - Great Lakes 2
TOP OF THE 2ND
West Virginia Power batting - Pitching for Great Lakes Loons : RHP Mike Bowling
Batting: RHB Tom Primmer 0-0: Called Strike
0-1: Foul Ball, location: 2F
0-2: Ball
1-2: Foul Ball, location: 2F
1-2: Ground out 5-3 (Groundball, 56, EV 110.0 MPH)
Batting: RHB Dennis Coppolino 0-0: Called Strike
0-1: Ball
1-1: Foul Ball, location: 2F
1-2: Foul Ball, location: 2F
1-2: Fly out, F9 (Flyball, 89M, EV 82.5 MPH)
Batting: RHB Ted Goldblatt 0-0: Called Strike
0-1: Ball
1-1: Ball
2-1: Foul Ball, location: 2F
2-2: Ground out 4-3 (Groundball, 4S, EV 71.3 MPH)
Top of the 2nd over - 0 runs, 0 hits, 0 errors, 0 left on base; West Virginia 0 - Great Lakes 2
BOTTOM OF THE 2ND
Great Lakes Loons batting - Pitching for West Virginia Power : RHP Mike Malec
Batting: RHB Sean Tanner 0-0: Called Strike
0-1: Called Strike
0-2: Strikes out swinging
Batting: RHB Jonathan Quijada 0-0: Called Strike
0-1: Foul Ball, location: 2F
0-2: Strikes out swinging
Batting: RHB Mario Mejia 0-0: Called Strike
0-1: SINGLE (Line Drive, 4M, EV 108.1 MPH)
Batting: RHB Blake Beale 0-0: Foul Ball, location: 2F
0-1: Called Strike
0-2: Strikes out swinging
Bottom of the 2nd over - 0 runs, 1 hit, 0 errors, 1 left on base; West Virginia 0 - Great Lakes 2
TOP OF THE 3RD
West Virginia Power batting - Pitching for Great Lakes Loons : RHP Mike Bowling
Batting: RHB Ginebra Valenzuela 0-0: Foul Ball, location: 2F
0-1: Ball
1-1: SINGLE (Groundball, 56D, EV 95.0 MPH)
Batting: RHB John Beiswenger 0-0: Called Strike
0-1: 2-RUN HOME RUN (Flyball, 7D, EV 93.8 MPH), Distance : 379 ft
Batting: LHB B.J. Mitchell 0-0: Called Strike
0-1: Ball
1-1: Called Strike
1-2: Strikes out swinging
Batting: RHB Caleb Russell 0-0: Ball
1-0: Foul Ball, location: 2F
1-1: Foul Ball, location: 2F
1-2: Ball
2-2: Fly out, F9 (Flyball, 9LM, EV 94.4 MPH)
Batting: RHB Jose Lozano 0-0: Called Strike
0-1: SINGLE (Groundball, 25, EV 66.3 MPH) (infield hit)
Batting: LHB Marc Carter 0-0: SINGLE (Line Drive, 34D, EV 99.4 MPH)
Jose Lozano to second
Runner from 2nd tries for 3rd, OUT! 9-5
Top of the 3rd over - 2 runs, 4 hits, 0 errors, 1 left on base; West Virginia 2 - Great Lakes 2
BOTTOM OF THE 3RD
Great Lakes Loons batting - Pitching for West Virginia Power : RHP Mike Malec
Batting: RHB John Manocchio 0-0: Ball
1-0: SINGLE (Groundball, 6MD, EV 109.4 MPH)
Batting: LHB Jim Chalk 0-0: DOUBLE (Flyball, 9LM, EV 115.0 MPH)
John Manocchio to third
Batting: RHB Zach Thomason 0-0: Ball
1-0: Called Strike
1-1: Called Strike
1-2: Ball
2-2: Ball
3-2: Fly out, F7 (Flyball, 78D, EV 88.1 MPH)
Runner from 3rd tags up, SCORES, throw by LF
Batting: RHB Roger Simmons 0-0: Foul Ball, location: 2F
0-1: Swinging Strike
0-2: Ball
1-2: Foul Ball, location: 2F
1-2: Foul Ball, location: 2F
1-2: Foul Ball, location: 2F
1-2: Fly out, F7 (Flyball, 7LS, EV 76.9 MPH)
Batting: RHB Ashton Crenshaw 0-0: Foul Ball, location: 2F
0-1: Called Strike
0-2: Ball
1-2: Strikes out swinging
Bottom of the 3rd over - 1 run, 2 hits, 0 errors, 1 left on base; West Virginia 2 - Great Lakes 3
TOP OF THE 4TH
West Virginia Power batting - Pitching for Great Lakes Loons : RHP Mike Bowling
Batting: RHB Tom Primmer 0-0: Called Strike
0-1: Ground out 5-3 (Groundball, 56S, EV 69.4 MPH)
Batting: RHB Dennis Coppolino 0-0: Ball
1-0: Called Strike
1-1: Ball
2-1: Foul Ball, location: 2F
2-2: Ball
3-2: Strikes out looking
Batting: RHB Ted Goldblatt 0-0: Ball
1-0: Called Strike
1-1: Ground out 4-3 (Groundball, 4D, EV 87.5 MPH)
Top of the 4th over - 0 runs, 0 hits, 0 errors, 0 left on base; West Virginia 2 - Great Lakes 3
BOTTOM OF THE 4TH
Great Lakes Loons batting - Pitching for West Virginia Power : RHP Mike Malec
Batting: RHB Sean Tanner 0-0: Ball
1-0: Ball
2-0: Fly out, F7 (Flyball, 7S, EV 72.5 MPH)
Batting: RHB Jonathan Quijada 0-0: Foul Ball, location: 2F
0-1: Foul Ball, location: 2F
0-2: Ball
1-2: Strikes out looking
Batting: RHB Mario Mejia 0-0: Foul Ball, location: 2F
0-1: Fly out, F6 (Line Drive, 6, EV 73.1 MPH)
Bottom of the 4th over - 0 runs, 0 hits, 0 errors, 0 left on base; West Virginia 2 - Great Lakes 3
TOP OF THE 5TH
West Virginia Power batting - Pitching for Great Lakes Loons : RHP Mike Bowling
Batting: RHB Ginebra Valenzuela 0-0: Swinging Strike
0-1: Ball
1-1: Ball
2-1: Ball
3-1: Base on Balls
Batting: RHB John Beiswenger 0-0: Ball
1-0: Called Strike
1-1: Ball
2-1: Fly out, F4 (Line Drive, 4, EV 68.1 MPH)
Batting: LHB B.J. Mitchell 0-0: Called Strike
0-1: Ball
1-1: Foul Ball, location: 2F
1-2: Ball
2-2: Foul Ball, location: 2F
2-2: Strikes out swinging
Batting: RHB Caleb Russell 0-0: Ball
1-0: Fly out, F7 (Line Drive, 7, EV 93.1 MPH)
Top of the 5th over - 0 runs, 0 hits, 0 errors, 1 left on base; West Virginia 2 - Great Lakes 3
BOTTOM OF THE 5TH
Great Lakes Loons batting - Pitching for West Virginia Power : RHP Mike Malec
Batting: RHB Blake Beale 0-0: Called Strike
0-1: Called Strike
0-2: Strikes out swinging
Batting: RHB John Manocchio 0-0: Ball
1-0: Ball
2-0: Called Strike
2-1: Foul Ball, location: 2F
2-2: Fly out, F9 (Flyball, 9S, EV 80.0 MPH)
Batting: LHB Jim Chalk 0-0: Called Strike
0-1: Ball
1-1: Swinging Strike
1-2: Ball
2-2: Strikes out swinging
Bottom of the 5th over - 0 runs, 0 hits, 0 errors, 0 left on base; West Virginia 2 - Great Lakes 3
TOP OF THE 6TH
West Virginia Power batting - Pitching for Great Lakes Loons : RHP Mike Bowling
Batting: RHB Jose Lozano 0-0: Ball
1-0: Ball
2-0: Called Strike
2-1: Called Strike
2-2: Ball
3-2: Ground out 1-3 (Groundball, P, EV 65.6 MPH)
Batting: LHB Marc Carter 0-0: SINGLE (Line Drive, 4M, EV 96.9 MPH)
Batting: RHB Tom Primmer 0-0: Foul Ball, location: 2F
0-1: Foul Ball, location: 2F
0-2: Ball
1-2: Strikes out swinging
Pitching: LHP Yuko Kajiwara
Batting: RHB Dennis Coppolino 0-0: Ball
1-0: Fly out, F9 (Flyball, 9LS, EV 84.4 MPH)
Top of the 6th over - 0 runs, 1 hit, 0 errors, 1 left on base; West Virginia 2 - Great Lakes 3
BOTTOM OF THE 6TH
Great Lakes Loons batting - Pitching for West Virginia Power : RHP Mike Malec
Batting: RHB Zach Thomason 0-0: Ball
1-0: Swinging Strike
1-1: Called Strike
1-2: Ground out U3 (Groundball, 3L, EV 76.9 MPH)
Pitching: RHP Moises Contreras
Batting: RHB Roger Simmons 0-0: Ground out 1-3 (Groundball, 15, EV 68.8 MPH)
Batting: RHB Ashton Crenshaw 0-0: Called Strike
0-1: Ball
1-1: Ball
2-1: Ball
3-1: Fly out, F2 (Popup, 23F, EV 85.6 MPH)
Bottom of the 6th over - 0 runs, 0 hits, 0 errors, 0 left on base; West Virginia 2 - Great Lakes 3
TOP OF THE 7TH
West Virginia Power batting - Pitching for Great Lakes Loons : LHP Yuko Kajiwara
Batting: RHB Ted Goldblatt 0-0: Ground out 5-3 (Groundball, 56S, EV 86.3 MPH)
Batting: RHB Ginebra Valenzuela 0-0: Ball
1-0: Swinging Strike
1-1: Ball
2-1: Foul Ball, location: 2F
2-2: Strikes out swinging
Batting: RHB John Beiswenger 0-0: Ball
1-0: SINGLE (Line Drive, 89S, EV 105.6 MPH)
Pinch Hitting: RHB Terry Sutherland 0-0: Foul Ball, location: 2F
0-1: Ball
1-1: Called Strike
1-2: Foul Ball, location: 2F
1-2: Ball
2-2: Ball
3-2: Fly out, F9 (Flyball, 89S, EV 88.1 MPH)
Top of the 7th over - 0 runs, 1 hit, 0 errors, 1 left on base; West Virginia 2 - Great Lakes 3
BOTTOM OF THE 7TH
Great Lakes Loons batting - Pitching for West Virginia Power : RHP Moises Contreras
Now in CF: Jorge Quintana
Batting: RHB Sean Tanner 0-0: Ground out U3 (Groundball, 34S, EV 76.9 MPH)
Batting: RHB Jonathan Quijada 0-0: Foul Ball, location: 2F
0-1: Fly out, F8 (Flyball, 78XD, EV 101.9 MPH)
Batting: RHB Mario Mejia 0-0: Fly out, F4 (Flyball, 34D, EV 86.3 MPH)
Bottom of the 7th over - 0 runs, 0 hits, 0 errors, 0 left on base; West Virginia 2 - Great Lakes 3
TOP OF THE 8TH
West Virginia Power batting - Pitching for Great Lakes Loons : LHP Yuko Kajiwara
Pitching: RHP Andres Burgos
Batting: RHB Caleb Russell 0-0: Ball
1-0: Ball
2-0: Called Strike
2-1: Ball
3-1: Called Strike
3-2: Foul Ball, location: 2F
3-2: Strikes out swinging
Batting: RHB Jose Lozano 0-0: Swinging Strike
0-1: Ball
1-1: SINGLE (Line Drive, 78S, EV 100.0 MPH)
Batting: LHB Marc Carter 0-0: Swinging Strike
0-1: Foul Ball, location: 2F
0-2: Fly out, F8 (Line Drive, 8RM, EV 111.3 MPH)
Batting: SHB Jerry Massey 0-0: Ground out 4-3 (Groundball, 34, EV 106.9 MPH)
Top of the 8th over - 0 runs, 1 hit, 0 errors, 1 left on base; West Virginia 2 - Great Lakes 3
BOTTOM OF THE 8TH
Great Lakes Loons batting - Pitching for West Virginia Power : RHP Moises Contreras
Batting: RHB Blake Beale 0-0: Called Strike
0-1: Foul Ball, location: 2F
0-2: Ball
1-2: Fly out, F9 (Flyball, 9D, EV 100.0 MPH)
Batting: RHB John Manocchio 0-0: SINGLE (Flyball, 89S, EV 88.8 MPH)
Batting: LHB Jim Chalk 0-0: Ball
1-0: Called Strike
1-1: Foul Ball, location: 2F
1-2: Ball
Passed Ball!
John Manocchio to second
2-2: Ball
3-2: Intentional Walk
Batting: RHB Zach Thomason 0-0: Ball
1-0: Ball
2-0: Ball
3-0: Called Strike
3-1: Foul Ball, location: 2F
3-2: Foul Ball, location: 2F
3-2: SINGLE (Flyball, 8RS, EV 90.6 MPH)
John Manocchio to third
Jim Chalk to second
Batting: RHB Roger Simmons 0-0: Called Strike
0-1: Ball
1-1: Ball
2-1: Foul Ball, location: 2F
2-2: Ball
3-2: Fly out, F9 (Flyball, 89XD, EV 90.6 MPH)
Runner from 3rd tags up, SCORES, no throw by RF
Jim Chalk to third
Batting: LHB Alberto Chavez 0-0: Called Strike
0-1: Ball
1-1: Called Strike
1-2: Ball
2-2: Foul Ball, location: 2F
2-2: 3-RUN HOME RUN (Flyball, 9LD, EV 96.3 MPH), Distance : 343 ft
Pitching: LHP Erjan Oosterbaan
Batting: RHB Sean Tanner 0-0: Ball
1-0: Called Strike
1-1: Ball
2-1: Ball
3-1: Swinging Strike
3-2: Foul Ball, location: 2F
3-2: Base on Balls
Batting: RHB Jonathan Quijada 0-0: Ball
1-0: Called Strike
1-1: 2-RUN HOME RUN (Flyball, 9D, EV 96.3 MPH), Distance : 386 ft
Batting: RHB Mario Mejia 0-0: Swinging Strike
0-1: Foul Ball, location: 2F
0-2: Ball
1-2: Strikes out swinging
Bottom of the 8th over - 6 runs, 4 hits, 0 errors, 0 left on base; West Virginia 2 - Great Lakes 9
TOP OF THE 9TH
West Virginia Power batting - Pitching for Great Lakes Loons : RHP Andres Burgos
Pinch Hitting: RHB Bill Trujillo 0-0: Called Strike
0-1: Ball
1-1: Ball
2-1: Ball
3-1: Base on Balls
Batting: RHB Ted Goldblatt 0-0: Ball
1-0: Fly out, F9 (Line Drive, 9D, EV 104.4 MPH)
Batting: RHB Ginebra Valenzuela 0-0: Called Strike
0-1: Swinging Strike
0-2: Fly out, F3 (Popup, 3SF, EV 86.3 MPH)
Batting: RHB John Beiswenger 0-0: Ball
1-0: Foul Ball, location: 2F
1-1: Ball
2-1: Foul Ball, location: 2F
2-2: Ball
3-2: Base on Balls
Bill Trujillo to second
Batting: LHB Jorge Quintana 0-0: Fielders Choice at 2nd, 5-4 (Groundball, 56, EV 82.5 MPH)
Top of the 9th over - 0 runs, 0 hits, 0 errors, 2 left on base; West Virginia 2 - Great Lakes 9
Wednesday, June 22nd , 2022 - OOTP Baseball 23.4 Build 64